 Dungeon Crawl Stone Soup version 0.23.1 (webtiles) character file.

Game seed: 14582756803561830227

93 esteth the Magician (level 4, 0/32 HPs)
             Began as a Gnoll Wizard on Mar 16, 2019.
             Slain by an orc
             ... wielding a +0 whip
              (4 damage)
             ... on level 3 of the Dungeon.
             The game lasted 00:04:51 (2628 turns).

esteth the Magician (Gnoll Wizard)                  Turns: 2628, Time: 00:04:52

Health: 0/32       AC:  2    Str: 10    XL:     4   Next: 62%
Magic:  5/13       EV: 14    Int: 21    God:
Gold:   132        SH:  0    Dex: 13    Spells: 14/17 levels left

rFire    . . .     SeeInvis .   i - +0 club
rCold    . . .     Gourm    .   (no shield)
rNeg     . . .     Faith    .   a - +0 robe
rPois    .         Spirit   .   b - +0 hat
rElec    .         Reflect  .   (no cloak)
rCorr    .         Harm     .   (no gloves)
MR       .....                  (no boots)
Stlth    +++.......             (no amulet)
HPRegen  0.10/turn              (no ring)
MPRegen  0.13/turn              (no ring)

@: flying
A: distributed training, fangs 1, strong nose
a: no special abilities


You were on level 3 of the Dungeon.
You were very hungry.

You visited 1 branch of the dungeon, and saw 3 of its levels.

You collected 132 gold pieces.

Inventory:

Hand Weapons
 i - a +0 club (weapon)
Armour
 a - a +0 robe (worn)
 b - a +0 hat (worn)
Jewellery
 o - an uncursed ring of ice
Scrolls
 c - a scroll of fog {unknown}
 e - 2 scrolls of identify
 f - 3 scrolls of remove curse {unknown}
 g - a scroll of amnesia {unknown}
 j - a scroll of blinking {unknown}
 l - a scroll of magic mapping {unknown}
 m - a scroll of immolation {unknown}
 n - a scroll of fear {unknown}
Comestibles
 d - 6 rations


   Skills:
 + Level 1.2 Fighting
 + Level 1.2 Short Blades
 + Level 1.2 Long Blades
 + Level 1.2 Axes
 + Level 1.2 Maces & Flails
 + Level 1.2 Polearms
 + Level 1.2 Staves
 + Level 1.2 Slings
 + Level 1.2 Bows
 + Level 1.2 Crossbows
 + Level 1.2 Throwing
 + Level 1.2 Armour
 + Level 4.6 Dodging
 + Level 4.3 Stealth
 + Level 1.2 Shields
 + Level 1.2 Unarmed Combat
 + Level 7.2 Spellcasting
 + Level 2.2 Conjurations
 + Level 1.0 Hexes
 + Level 1.0 Charms
 + Level 2.2 Summonings
 + Level 1.0 Necromancy
 + Level 2.2 Translocations
 + Level 1.0 Transmutations
 + Level 1.0 Fire Magic
 + Level 1.0 Ice Magic
 + Level 1.0 Air Magic
 + Level 1.0 Earth Magic
 + Level 1.0 Poison Magic
 + Level 1.3 Invocations
 + Level 1.2 Evocations


You had 14 spell levels left.
You knew the following spells:

 Your Spells              Type           Power        Failure   Level  Hunger
a - Magic Dart            Conj           ###.         3%          1    None
b - Blink                 Tloc           N/A          4%          2    None

Your spell library contained the following spells:

 Spells                   Type           Power        Failure   Level  Hunger
 Call Imp                 Summ           ###.....     4%          2    None
 Corpse Rot               Necr           N/A          9%          2    None
 Slow                     Hex            ##......     9%          2    None
 Conjure Flame            Conj/Fire      ##......     13%         3    None
 Stone Arrow              Conj/Erth      ##....       13%         3    None
 Mephitic Cloud           Conj/Pois/Air  ##......     14%         3    None
 Leda's Liquefaction      Hex/Erth       ##........   50%         4    ###....
 Summon Forest            Summ/Tloc      ###.......   67%         5    #####..
 Hydra Form               Tmut           ##........   100%        6    ######.
 Summon Hydra             Summ           ###.......   100%        7    #######


Dungeon Overview and Level Annotations

Branches:
Dungeon (3/15)

Altars:
Ashenzari
Dithmenos
Gozag
Makhleb

Annotations:
D:3 2 transporters


Innate Abilities, Weirdness & Mutations

Your experience applies equally to all skills.
You have very sharp teeth.
Your uncanny sense of smell can sniff out nearby items.


Message History

The magic dart hits the orc but does no damage.
The orc hits you from afar with a +0 trident.
* * * LOW HITPOINT WARNING * * *
The orc hits you with a +0 club.
* * * LOW HITPOINT WARNING * * *
It was a potion of flight.
You feel very buoyant.
You fly up into the air.
The orc barely misses you.
The orc hits you from afar with a +0 trident.
* * * LOW HITPOINT WARNING * * *
The orc misses you. The orc closely misses you.
Okay, then.
Sorry, you're not good enough to have a special ability.
Unknown command.
Casting: Magic Dart (safe; 3% risk of failure)
Confirm with . or Enter, or press ? or * to list all spells.
You blink.
The orc hits you with a +0 whip.
You die...

. #.##.....hZ##..# #
#..#########(.<#.#
##............(..##..
#.##.................
#.##.................
#.##...)......>......
#.##.................
.#+##...oo............
.......@.o............
......#######.....!...
..... #........ ....
....... ... ...... .#
...


You could see 3 orcs.

Vanquished Creatures
  2 adders
  4 worms (D:2)
  3 leopard geckos
  5 giant cockroaches
  7 goblins
  6 hobgoblins
  6 jackals
  7 kobolds
  A quokka (D:2)
  A ball python (D:2)
  6 bats
  A frilled lizard (D:3)
  8 rats
57 creatures vanquished.

Notes
Turn   | Place    | Note
-------+----------+-------------------------------------------
     0 | D:1      | esteth the Gnoll Wizard began the quest for the Orb.
     0 | D:1      | Reached XP level 1. HP: 13/13 MP: 8/8
   187 | D:1      | Reached XP level 2. HP: 19/19 MP: 5/10
   225 | D:1      | Learned a level 2 spell: Blink
   465 | D:1      | Reached XP level 3. HP: 14/25 MP: 1/11
  1079 | D:2      | Reached skill level 1 in Invocations
  1122 | D:1      | Reached skill level 1 in Fighting
  1122 | D:1      | Reached skill level 1 in Short Blades
  1122 | D:1      | Reached skill level 1 in Long Blades
  1122 | D:1      | Reached skill level 1 in Axes
  1122 | D:1      | Reached skill level 1 in Maces & Flails
  1122 | D:1      | Reached skill level 1 in Polearms
  1122 | D:1      | Reached skill level 1 in Staves
  1122 | D:1      | Reached skill level 1 in Slings
  1122 | D:1      | Reached skill level 1 in Bows
  1122 | D:1      | Reached skill level 1 in Crossbows
  1122 | D:1      | Reached skill level 1 in Throwing
  1122 | D:1      | Reached skill level 1 in Armour
  1122 | D:1      | Reached skill level 1 in Shields
  1122 | D:1      | Reached skill level 1 in Unarmed Combat
  1122 | D:1      | Reached skill level 1 in Evocations
  1356 | D:2      | Reached XP level 4. HP: 29/32 MP: 0/13
  1579 | D:2      | Found a shadowy altar of Dithmenos.
  2113 | D:2      | Found a burning altar of Makhleb.
  2113 | D:2      | Found an opulent altar of Gozag.
  2551 | D:3      | Reached skill level 1 in Hexes
  2551 | D:3      | Reached skill level 1 in Charms
  2551 | D:3      | Reached skill level 1 in Necromancy
  2551 | D:3      | Reached skill level 1 in Transmutations
  2551 | D:3      | Reached skill level 1 in Fire Magic
  2551 | D:3      | Reached skill level 1 in Ice Magic
  2551 | D:3      | Reached skill level 1 in Air Magic
  2551 | D:3      | Reached skill level 1 in Earth Magic
  2551 | D:3      | Reached skill level 1 in Poison Magic
  2589 | D:3      | Found a shattered altar of Ashenzari.
  2591 | D:3      | Noticed a gnoll sergeant
  2593 | D:3      | Found a transporter.
  2593 | D:3      | Noticed a black bear
  2604 | D:3      | Found a transporter.
  2628 | D:3      | Slain by an orc

Skill      XL: |  1  2  3  4 |
---------------+-------------+-----
Conjurations   | 2 |  2.2
Summonings     | 2 |  2.2
Translocations | 2 |  2.2
Invocations    | 1 |  1.3
Fighting       | 1 |  1.2
Short Blades   | 1 |  1.2
Long Blades    | 1 |  1.2
Axes           | 1 |  1.2
Maces & Flails | 1 |  1.2
Polearms       | 1 |  1.2
Staves         | 1 |  1.2
Slings         | 1 |  1.2
Bows           | 1 |  1.2
Crossbows      | 1 |  1.2
Throwing       | 1 |  1.2
Armour         | 1 |  1.2
Shields        | 1 |  1.2
Unarmed Combat | 1 |  1.2
Evocations     | 1 |  1.2
Hexes          | 1 |  1.0
Charms         | 1 |  1.0
Necromancy     | 1 |  1.0
Transmutations | 1 |  1.0
Fire Magic     | 1 |  1.0
Ice Magic      | 1 |  1.0
Air Magic      | 1 |  1.0
Earth Magic    | 1 |  1.0
Poison Magic   | 1 |  1.0
Dodging        | |  4.6
Stealth        | |  4.3
Spellcasting   | |  7.2

Action                   |  1- 3 |  4- 6 || total
-------------------------+-------+-------++-------
Melee: Unarmed           |     3 |       ||     3
       Club              |    30 |    42 ||    72
       Bite              |     1 |     3 ||     4
 Cast: Magic Dart        |    77 |    38 ||   115
       Blink             |       |     1 ||     1
  Use: Potion            |     1 |     1 ||     2
       Scroll            |       |     1 ||     1
 Stab: Sleeping          |       |     3 ||     3
  Eat: Chunk             |     1 |     3 ||     4
Armor: Robe              |     1 |     8 ||     9
       Skin              |    21 |       ||    21
Dodge: Dodged            |    36 |    50 ||    86
